 Dungeon Crawl Stone Soup version 0.18.1-1-g2f07953 (webtiles) character file.

79 timoch the Shield-Bearer (level 4, -7/28 HPs)
             Began as a Gargoyle Fighter on May 7, 2016.
             Killed from afar by an orc wizard (9 damage)
             ... with a puff of frost
             ... on level 3 of the Dungeon.
             The game lasted 00:15:19 (1754 turns).

timoch the Shield-Bearer (Gargoyle Fighter)         Turns: 1754, Time: 00:15:20

Health: -7/28      AC: 11    Str: 20    XL:     4   Next: 37%
Magic:  4/4        EV:  6    Int:  9    God:
Gold:   67         SH: 14    Dex:  9    Spells: 0 memorised, 3 levels left

rFire  . . .     SeeInvis .     a - +0 flail
rCold  . . .     Gourm    .     b - +0 scale mail
rNeg   + . .     Faith    .     p - +0 large shield (curse)
rPois  ∞         Spirit   .     m - +0 helmet
rElec  +         Dismiss  .     (no cloak)
rCorr  .         Reflect  .     (no gloves)
SustAt .         Harm     .     (no boots)
MR     .....                    s - amulet of rage
Stlth  ..........               (no ring)
                                (no ring)

@: not resistant to hostile enchantments, extremely unstealthy
A: negative energy resistance 1, electricity resistance, unbreathing,
petrification resistance, rot immunity, AC +3
a: Evoke Berserk Rage


You were on level 3 of the Dungeon.
You were not hungry.

You visited 1 branch of the dungeon, and saw 3 of its levels.

You collected 67 gold pieces.

Inventory:

Hand Weapons
 a - a +0 flail (weapon)
 q - a +0 shortbow
Missiles
 g - 42 arrows (quivered)
Armour
 b - a +0 scale mail (worn)
 c - a +0 shield
 e - a +0 ring mail
 m - a +0 helmet (worn)
 p - a cursed +0 large shield (worn)
Jewellery
 s - an amulet of rage (around neck)
Scrolls
 i - 3 scrolls of identify
 j - a scroll of recharging {unknown}
 n - 2 scrolls of remove curse {unknown}
Potions
 d - 2 potions of might
 k - 2 potions of heal wounds {unknown}
 l - a potion of cure mutation {unknown}
 o - a potion of curing {unknown}
 r - a potion of degeneration {unknown}
Comestibles
 f - 2 bread rations
 h - 2 chunks of flesh


   Skills:
 + Level 3.4 Fighting
 + Level 2.6 Maces & Flails
 + Level 3.5 Armour
 + Level 1.2 Dodging
 + Level 4.3 Shields


You had 3 spell levels left.
You didn't know any spells.

Dungeon Overview and Level Annotations

Branches:
Dungeon (3/15)

Altars:
Pakellas
Trog

Portals:
Abyss: D:1***


Innate Abilities, Weirdness & Mutations

You are resistant to torment.
Your stone body is resilient (AC +3).
You are immune to poison.
You resist negative energy.
You are resistant to electric shocks.
You can survive without breathing.
You are immune to petrification.
You are immune to rotting.


Message History

You closely miss the orc wizard.
The orc wizard is almost dead.
The orc wizard gestures at you while chanting.
You block the puff of frost.
The orc wizard points at you and mumbles some strange words.
The puff of frost hits you!
* * * LOW HITPOINT WARNING * * *
You miss the orc wizard.
The orc wizard is almost dead.
The orc wizard hits you with a dagger.
* * * LOW HITPOINT WARNING * * *
The orc wizard casts a spell at you. The magic dart hits you!
* * * LOW HITPOINT WARNING * * *
You closely miss the orc wizard.
The orc wizard is almost dead.
You block the orc wizard's attack.
The orc wizard gestures at you while chanting.
The puff of frost hits you!
You die...

##)# .# # #.###...
.#.# #...>... ##.#.
######... #...
#.......# #..#
#)####### #..# #.#
#####..# #.#
#.@....# #.#######
#o###..# #........
#.# #..# #########
#.###.##
##.....########
#......÷......######
#.##.########.##...#
#. #o #.#.###. #.
#.########..#####


You could see an orc wizard.

Vanquished Creatures
  2 adders
  2 oozes (D:3)
  2 worms (D:2)
  2 dart slugs (D:1)
  3 giant geckos
  A giant cockroach (D:1)
  6 goblins
  3 hobgoblins
  2 jackals (D:2)
  6 kobolds
  6 bats
  4 giant newts
  5 rats
44 creatures vanquished.

Notes
Turn   | Place    | Note
--------------------------------------------------------------
     0 | D:1      | timoch the Gargoyle Fighter began the quest for the Orb.
     0 | D:1      | Reached XP level 1. HP: 14/14 MP: 1/1
   167 | D:1      | Reached XP level 2. HP: 15/19 MP: 2/2
   738 | D:1      | Reached XP level 3. HP: 23/23 MP: 3/3
   975 | D:2      | Reached skill level 1 in Dodging
  1088 | D:2      | Found a bloodstained altar of Trog.
  1088 | D:2      | Found an oddly glowing altar of Pakellas.
  1294 | D:2      | Reached skill level 4 in Shields
  1603 | D:3      | Reached XP level 4. HP: 28/28 MP: 4/4
  1754 | D:3      | Killed from afar by an orc wizard

Skill      XL: |  1  2  3 |
---------------+----------+-----
Dodging        | 1 |  1.2
Shields        | 4 |  4.3
Fighting       | |  3.4
Maces & Flails | |  2.6
Armour         | |  3.5

Action                   |  1- 3 |  4- 6 || total
-------------------------+-------+-------++-------
Melee: Flail             |   169 |    45 ||   214
  Use: Scroll            |       |     2 ||     2
  Eat: Beef jerky        |     2 |       ||     2
Armor: Scale mail        |    97 |    16 ||   113
Dodge: Dodged            |    64 |     4 ||    68
Block: Shield            |   107 |       ||   107
       Large shield      |    12 |    28 ||    40
